 Dungeon Sprint DCSS version 0.19-a0-1907-gcff654f (webtiles) character file.

5749 George the Protected (level 10, -15/102 HPs)
             Began as a Minotaur Fighter on Oct 21, 2016.
             Was a High Priest of Okawaru.
             Demolished by a tyrant leech (25 damage)
             ... in the Dungeon (Sprint IX: "|||||||||||||||||||||||||||||").
             The game lasted 00:03:20 (975 turns).

George the Protected (Minotaur Fighter)              Turns: 975, Time: 00:03:21

Health: -15/102    AC: 17    Str: 21    XL:     10   Next: 49%
Magic:  17/17      EV:  9    Int:  8    God:    Okawaru [*****.]
Gold:   0          SH: 14    Dex: 16    Spells: 0 memorised, 9 levels left

rFire  . . .     SeeInvis .     q - +2 scimitar (slice)
rCold  . . .     Gourm    .     s - +1 chain mail
rNeg   . . .     Faith    .     c - +0 shield
rPois  .         Spirit   .     (helmet restricted)
rElec  .         Reflect  .     a - +0 cloak
rCorr  .         Harm     .     r - +0 pair of gloves
MR     .....     NoTele   +     (no boots)
Stlth  ..........               (no amulet)
                                t - +3 ring of intelligence
                                b - +3 ring of dexterity

@: no status effects
A: retaliatory headbutt, horns 2
a: Heroism, Finesse, Renounce Religion


You were in the Dungeon.
You worshipped Okawaru.
Okawaru was extremely pleased with you.
You were not hungry.

You visited 1 branch

Inventory:

Hand Weapons
 p - a +2 rapier of draining
 q - a +2 scimitar of slicing (weapon)
 y - the +2 scimitar of Governance {antimagic, Str+4}
   (Okawaru gifted it to you in the Dungeon)

   It reduces the magical energy of the wielder, and disrupts the spells and
   magical abilities of those hit.
   Natural abilities and divine invocations are not affected.
   It affects your strength (+4).
Armour
 a - a +0 cloak (worn)
 c - a +0 shield (worn)
 r - a +0 pair of gloves (worn)
 s - a +1 chain mail (worn)
Jewellery
 b - a +3 ring of dexterity (left hand)
 t - a +3 ring of intelligence (right hand)
Wands
 o - a wand of lightning (3/15)
Scrolls
 k - 3 scrolls of blinking
 m - 4 scrolls of remove curse
 n - 2 scrolls of amnesia
 v - a scroll of fog
 w - 4 scrolls of enchant armour
 x - 2 scrolls of enchant weapon
Potions
 d - a potion of might
 e - 6 potions of curing
 g - 3 potions of heal wounds
 h - a potion of haste
 i - 4 potions of magic
 j - 2 potions of berserk rage
 l - a potion of invisibility
 u - 4 potions of agility
Comestibles
 f - a bread ration
 z - 8 chunks of flesh


   Skills:
 + Level 13.7 Fighting
 + Level 13.5 Long Blades
 + Level 13.7 Armour
 + Level 1.9 Dodging
 + Level 13.6 Shields
 - Level 10.8 Invocations


You had 9 spell levels left.
You didn't know any spells.

Dungeon Overview and Level Annotations

Branches:
Dungeon (1/1)

Altars:
Cheibriados
Dithmenos
Elyvilon
Fedhas
Gozag
Hepliaklqana
Kikubaaqudgha
Makhleb
Nemelex Xobeh
Okawaru
Qazlal
Ru
Sif Muna
Trog
Uskayaw
Vehumet
Xom
Yredelemnul
Zin
The Shining One
Beogh
Jiyva
Lugonu


Innate Abilities, Weirdness & Mutations

You reflexively headbutt those who attack you in melee.
You have a pair of horns on your head.


Message History

The lindwurm is almost dead.
You hit the lindwurm but do no damage.
The lindwurm is almost dead.
The lindwurm breathes flames at you. The blast of flame hits you!
You slash the lindwurm!
You kill the lindwurm!
Okawaru accepts your kill.
Your Dodging skill increases to level 1!
You slash the tyrant leech!
The tyrant leech is lightly wounded.
The tyrant leech bites you!!
* * * LOW HITPOINT WARNING * * *
The tyrant leech draws strength from your injuries!
You slice the tyrant leech!!
The tyrant leech is moderately wounded.
You barely miss the tyrant leech. Your headbutt misses the tyrant leech.
The tyrant leech is moderately wounded.
The tyrant leech bites you!!
You die...

▓.▓.▓
▓.▓.▓[▓
▓w▓.▓.▓
▓w▓.▓.▓
▓.▓.▓)▓
▓w▓.▓|▓
▓w▓.▓.▓
▓w▓.▓.▓
▓@▓.▓'▓
▓.▓.▓.▓
▓.▓.▓_▓
▓.▓.▓_▓
▓.▓.▓_▓
▓.▓.▓_▓
▓.▓.▓_▓
▓.▓.▓_▓
▓.▓.▓_▓


You could see a tyrant leech and 4 worms.

Vanquished Creatures
  A hydra (D)
  A centaur warrior (D)
  A hill giant (D)
  A lindwurm (D)
  4 spiny frogs (D)
  A rime drake (D)
  4 yaks (D)
  A basilisk (D)
  A steam dragon (D)
  A mottled dragon (D)
  2 porcupines (D)
  5 water moccasins (D)
  An eye of draining (D)
  A centaur (D)
  2 bullfrogs (D)
  A killer bee (D)
  A jelly (D)
  An orc wizard (D)
  A worm (D)
  A bat skeleton (D)
  2 bat zombies (D)
  A giant cockroach (D)
  A goblin (D)
  A hobgoblin (D)
  2 kobolds (D)
  A quokka (D)
  A bat (D)
41 creatures vanquished.

Vanquished Creatures (others)
  A spatial maelstrom (D)
  A crimson imp (D)
2 creatures vanquished.

Grand Total: 43 creatures vanquished

Notes
Turn   | Place    | Note
-------+----------+-------------------------------------------
     0 | D        | George the Minotaur Fighter began the quest for the Orb.
     0 | D        | Reached XP level 1. HP: 19/19 MP: 0/0
     7 | D        | Banished a spatial maelstrom
    20 | D        | Noticed an orc wizard
    20 | D        | Noticed a crimson imp
    28 | D        | Killed a crimson imp
    34 | D        | Killed an orc wizard
    34 | D        | Reached skill level 5 in Fighting
    34 | D        | Reached skill level 5 in Armour
    34 | D        | Reached skill level 5 in Shields
    34 | D        | Reached XP level 2. HP: 28/29 MP: 1/1
    34 | D        | Reached XP level 3. HP: 35/36 MP: 2/2
    56 | D        | Found a roughly hewn altar of Beogh.
    56 | D        | Found a snail-covered altar of Cheibriados.
    56 | D        | Found a shadowy altar of Dithmenos.
    56 | D        | Found a white marble altar of Elyvilon.
    56 | D        | Found a blossoming altar of Fedhas.
    56 | D        | Found an opulent altar of Gozag.
    57 | D        | Found a hazy altar of Hepliaklqana.
    58 | D        | Found a viscous altar of Jiyva.
    59 | D        | Found an ancient bone altar of Kikubaaqudgha.
    60 | D        | Found a corrupted altar of Lugonu.
    61 | D        | Found a burning altar of Makhleb.
    62 | D        | Found a sparkling altar of Nemelex Xobeh.
    63 | D        | Found an iron altar of Okawaru.
    64 | D        | Found a stormy altar of Qazlal.
    65 | D        | Found a sacrificial altar of Ru.
    66 | D        | Found a deep blue altar of Sif Muna.
    67 | D        | Found a bloodstained altar of Trog.
    68 | D        | Found a hide-covered altar of Uskayaw.
    69 | D        | Found a radiant altar of Vehumet.
    70 | D        | Found a shimmering altar of Xom.
    71 | D        | Became a worshipper of Warmaster Okawaru
    72 | D        | Found a basalt altar of Yredelemnul.
    73 | D        | Found a glowing silver altar of Zin.
    74 | D        | Found a glowing golden altar of the Shining One.
   128 | D        | Noticed a yak
   128 | D        | Noticed a steam dragon
   128 | D        | Noticed a centaur
   128 | D        | Noticed a hill giant
   132 | D        | Killed a centaur
   132 | D        | Reached * piety under Okawaru
   132 | D        | Reached skill level 5 in Long Blades
   132 | D        | Reached XP level 4. HP: 21/45 MP: 2/5
   136 | D        | Killed a hill giant
   136 | D        | Reached ** piety under Okawaru
   136 | D        | Reached XP level 5. HP: 20/57 MP: 0/8
   136 | D        | Reached XP level 6. HP: 22/63 MP: 0/9
   136 | D        | Reached XP level 7. HP: 24/70 MP: 0/10
   137 | D        | Killed a steam dragon
   139 | D        | Killed a yak
   139 | D        | Reached *** piety under Okawaru
   139 | D        | Reached skill level 10 in Shields
   357 | D        | Noticed a centaur warrior
   357 | D        | Noticed a yak
   363 | D        | Reached skill level 10 in Fighting
   363 | D        | Reached skill level 10 in Armour
   372 | D        | Killed a yak
   372 | D        | Reached skill level 10 in Long Blades
   372 | D        | Reached XP level 8. HP: 70/80 MP: 6/12
   378 | D        | Killed a centaur warrior
   378 | D        | Reached **** piety under Okawaru
   383 | D        | Reached ***** piety under Okawaru
   775 | D        | Reached XP level 9. HP: 89/89 MP: 6/14
   776 | D        | Noticed a spiny frog
   786 | D        | Received a gift from Okawaru
   807 | D        | Killed a spiny frog
   822 | D        | Got a polished scimitar {god gift}
   823 | D        | Identified the +2 scimitar of Governance {antimagic, Str+4} (Okawaru gifted it to you in the Dungeon)
   841 | D        | Noticed a spiny frog
   841 | D        | Noticed a rime drake
   841 | D        | Noticed a four-headed hydra
   848 | D        | Killed a four-headed hydra
   848 | D        | Reached skill level 10 in Invocations
   852 | D        | Noticed a spiny frog
   854 | D        | Killed a rime drake
   854 | D        | Reached XP level 10. HP: 95/101 MP: 4/16
   861 | D        | Noticed a spiny frog
   861 | D        | Killed a spiny frog
   861 | D        | Received a gift from Okawaru
   873 | D        | Killed a spiny frog
   878 | D        | Killed a spiny frog
   886 | D        | Got a scorched ring mail {god gift}
   897 | D        | Identified the +5 ring mail of the Six Ghosts {rF- rC+ Int+3} (Okawaru gifted it to you in the Dungeon)
   953 | D        | Noticed a lindwurm
   972 | D        | Killed a lindwurm
   972 | D        | Reached skill level 1 in Dodging
   975 | D        | Demolished by a tyrant leech

Vault maps used:
D:        linesprint

Skill      XL: |  1  2  3  4  5  6  7  8  9 10 |
---------------+-------------------------------+-----
Long Blades    | 4 5 8 10 11 12 13 | 13.5
Shields        | 5 6 9 10 11 12 13 | 13.6
Fighting       | 5 6 9 10 11 13 | 13.7
Armour         | 5 6 9 10 11 12 13 | 13.7
Invocations    | 2 6 7 8 10 | 10.8
Dodging        | 1 |  1.9

Action                   |  1- 3 |  4- 6 |  7- 9 | 10-12 || total
-------------------------+-------+-------+-------+-------++-------
Melee: Long sword        |    25 |       |       |       ||    25
       Headbutt          |     5 |     2 |    23 |     9 ||    39
       Scimitar          |       |     3 |    62 |    44 ||   109
       Rapier            |       |       |     6 |       ||     6
Invok: Heroism           |       |     1 |     3 |       ||     4
       Finesse           |       |       |     1 |       ||     1
Evoke: Wand              |     3 |     1 |       |       ||     4
Armor: Scale mail        |     9 |       |       |       ||     9
       Chain mail        |       |     1 |    15 |    10 ||    26
Dodge: Dodged            |    10 |       |    12 |    12 ||    34
Block: Shield            |    13 |     1 |    23 |    19 ||    56
       Rpst.: Long sword |     3 |       |       |       ||     3
       Scimitar          |       |       |     2 |     2 ||     4
